[Event "Team 45 45 League T37"]
[Site "Internet Chess Club"]
[Date "2008.05.20"]
[Round "4"]
[White "OldBoy"]
[Black "alaskauk"]
[Result "0-1"]
[WhiteElo "1444"]
[BlackElo "1499"]
[Opening "French defense"]
[ECO "C00"]
[Time "12:29:36"]
[TimeControl "2700+45"]

1. e4 e6 2. Nf3 d5 3. exd5 exd5 4. d4 Nf6 5. Be2 Bb4+ 6. c3 Bd6 7. Bg5 h6 8. Bc1
O-O 9. O-O c6 10. a4 Qc7 11. Re1 Bg4 12. Nbd2 Nbd7 13. b3 Rae8 14. Ba3 Re7 15.
Bxd6 Qxd6 16. Qc2 Rfe8 17. Nf1 Nf8 18. Ne5 Bxe2 19. Rxe2 Ng4 20. Rae1 Nxe5 21.
dxe5 Rxe5 22. Ne3 Qe6 23. Kf1 Qg6 24. Qxg6 Nxg6 25. Ng4 Rxe2 26. Rxe2 Rxe2 27.
Kxe2 Nf4+ 28. Kf3 Nd3 29. Ke3 Nc5 30. Ne5 Nxb3 31. Nd7 f6 32. Kd3 Kf7 33. c4 Ke7
34. Kc3 Kxd7 35. Kxb3 Kd6 36. cxd5 cxd5 37. Kc3 Kc5 38. f3 a6 39. g3 a5 40. h4
b5 41. axb5 Kxb5 {White resigns} 0-1

[Event "Team 45 45 League T37"]
[Site "Internet Chess Club"]
[Date "2008.05.19"]
[Round "4"]
[White "cobbler"]
[Black "Invicta-Knight"]
[Result "0-1"]
[WhiteElo "1206"]
[BlackElo "1490"]
[Opening "Réti: King's Indian attack"]
[ECO "A05"]
[Time "17:25:34"]
[TimeControl "2700+45"]

1. Nf3 Nf6 2. g3 g6 3. Bg2 Bg7 4. O-O O-O 5. d3 d6 6. e4 Nbd7 7. Re1 Ng4 8. h3
Nge5 9. Nbd2 a5 10. Nxe5 Nxe5 11. d4 Nd7 12. c3 Rb8 13. a4 c5 14. Nf3 Qc7 15.
Be3 b5 16. Qc1 bxa4 17. Rxa4 Ba6 18. Re2 Bxe2 19. Bh6 Bxf3 20. Bxg7 Kxg7 21.
Bxf3 Rb7 22. Ra2 cxd4 23. Qd2 Ne5 24. Bd1 dxc3 25. Qd4 Qc4 26. Qxc3 Qxc3 27.
bxc3 Rb1 28. Kf1 Rxd1+ 29. Ke2 Rb1 30. Rxa5 Rfb8 31. Rd5 R8b2+ 32. Rd2 Rxd2+ 33.
Kxd2 Rb2+ 34. Ke3 Rc2 35. f4 Rxc3+ 36. Kd4 Rd3# {White checkmated} 0-1

[Event "Team 45 45 League T37"]
[Site "Internet Chess Club"]
[Date "2008.05.18"]
[Round "4"]
[White "Hastings"]
[Black "malihini"]
[Result "1-0"]
[WhiteElo "1337"]
[BlackElo "1276"]
[Opening "Caro-Kann: classical variation"]
[ECO "B18"]
[Time "19:07:30"]
[TimeControl "2700+45"]

1. e4 c6 2. d4 d5 3. Nc3 dxe4 4. Nxe4 Bf5 5. Ng3 Bg6 6. Nf3 e6 7. h4 h6 8. h5
Bh7 9. Bd3 Bxd3 10. Qxd3 Nf6 11. Bd2 Bd6 12. Ne4 Nxe4 13. Qxe4 Qe7 14. O-O-O Nd7
15. Ne5 Nf6 16. Qe2 O-O 17. g4 Nh7 18. f4 Rad8 19. Nf3 c5 20. g5 cxd4 21. gxh6
d3 22. Qg2 Qf6 23. Qxg7+ Qxg7 24. hxg7 Kxg7 25. Bc3+ f6 26. Rhg1+ Kf7 27. Rxd3
Bxf4+ 28. Bd2 Rxd3 29. cxd3 Bxd2+ 30. Kxd2 Rg8 31. Rxg8 Kxg8 32. h6 Ng5 33. Nd4
e5 34. Nf5 Kf7 35. Nd6+ Kg6 36. Nxb7 Kxh6 37. Nd6 Nf3+ 38. Ke3 Nd4 39. Ke4 Kg6
40. b4 f5+ 41. Nxf5 Nxf5 42. Kxe5 Ne7 43. Kd6 Kf6 44. b5 Nc8+ 45. Kc6 Ke5 46. a4
Nb6 47. a5 Na4 48. Kb7 Nc5+ 49. Kxa7 Nxd3 50. b6 Nc5 51. b7 Nxb7 52. Kxb7 {Black
resigns} 1-0

[Event "Team 45 45 League T37"]
[Site "Internet Chess Club"]
[Date "2008.05.19"]
[Round "4"]
[White "otib2006"]
[Black "JimGaming"]
[Result "1-0"]
[WhiteElo "1377"]
[BlackElo "1222"]
[Opening "Sicilian: accelerated fianchetto, modern variation"]
[ECO "B34"]
[Time "15:03:33"]
[TimeControl "2700+45"]

1. e4 c5 2. Nf3 g6 3. d4 cxd4 4. Nxd4 Nc6 5. Nc3 Bg7 6. Nxc6 bxc6 7. Bd2 a5 8.
a4 Nf6 9. Bc4 Nxe4 10. O-O d5 11. Bd3 Nxd2 12. Qxd2 O-O 13. Rab1 e5 14. Nd1 e4
15. Be2 Ba6 16. Bxa6 Rxa6 17. b4 Rb6 18. b5 Qa8 19. Ne3 Rfb8 20. c4 d4 21. Nc2
c5 22. Qg5 Rc8 23. Qg4 f5 24. Qd1 Rd8 25. f3 e3 26. Re1 f4 27. Rb3 Re6 28. Rd3
g5 29. Re2 h5 30. Ne1 h4 31. h3 g4 32. fxg4 Rf6 33. Nf3 Rh6 34. Qe1 Qe4 35. Qd1
Bf6 36. g5 Bxg5 37. Nxg5 Qg6 38. Nf3 Qg3 39. Qe1 Rg6 40. Qxg3 Rxg3 41. Nxh4 Rd7
42. Nf5 Rg5 43. Nh6+ Kg7 44. Ng4 Rf7 45. b6 f3 46. gxf3 Rxf3 47. Rg2 Rxh3 48. b7
e2 49. Kf2 Rxd3 50. b8=Q Rf5+ 51. Kxe2 Rff3 52. Ne5+ {Black resigns} 1-0

[Event "Team 45 45 League T37"]
[Site "Internet Chess Club"]
[Date "2008.05.16"]
[Round "4"]
[White "evsponge1"]
[Black "AlPearson"]
[Result "1-0"]
[WhiteElo "1024"]
[BlackElo "1453"]
[Opening "Alekhine's defense: Balogh variation"]
[ECO "B03"]
[Time "17:00:55"]
[TimeControl "2700+45"]

1. e4 Nf6 2. e5 Nd5 3. d4 d6 4. Bc4 Nb6 5. Bb3 Bf5 6. Nf3 Nc6 7. Nc3 Na5 8. exd6
cxd6 9. O-O Nxb3 10. axb3 e6 11. Re1 Be7 12. d5 O-O 13. Nd4 Qd7 14. Nxf5 exf5
15. Be3 Nc8 16. Bd4 a6 17. Qf3 Na7 18. Qg3 g6 19. h4 h5 20. Bxa7 Rxa7 21. Nb5
Qxb5 22. Rxe7 Qxd5 23. Rae1 Raa8 24. c4 Qc6 25. R1e6 f4 26. Rxg6+ Kh7 27. Rg7+
Kh8 28. Qg6 fxg6 29. Rh7+ Kg8 30. Reg7# {Black checkmated} 1-0

[Event "Team 45 45 League T37"]
[Site "Internet Chess Club"]
[Date "2008.05.17"]
[Round "4"]
[White "Zyme"]
[Black "Gupta"]
[Result "1-0"]
[WhiteElo "1401"]
[BlackElo "1433"]
[Opening "QGD: Semi-Tarrasch, 5.cd"]
[ECO "D41"]
[Time "08:48:48"]
[TimeControl "2700+45"]

1. d4 e6 2. c4 Nf6 3. Nc3 d5 4. Nf3 c5 5. cxd5 exd5 6. g3 cxd4 7. Nxd4 Qb6 8.
Bg2 Bc5 9. Na4 Qb4+ 10. Bd2 Qxd4 11. e3 Qe5 12. Nxc5 Qxb2 13. O-O O-O 14. Nd3
Qb5 15. Nf4 Be6 16. Rb1 Qc6 17. Qb3 b6 18. Rfd1 Na6 19. Bc3 Nc5 20. Qa3 Nfe4 21.
Bd4 Rfc8 22. Rbc1 Bf5 23. Bxc5 bxc5 24. Rxd5 Qf6 25. Nh5 Qg6 26. g4 Be6 27. Nf4
Qxg4 28. Rh5 Nf6 29. h3 Qxh5 30. Nxh5 Nxh5 31. Bxa8 Rxa8 32. Rxc5 Nf6 33. Kg2 h6
34. Ra5 Rd8 35. Qb2 Bd5+ 36. f3 a6 37. Rxa6 Bc4 38. Ra7 Be6 39. a4 Nd5 40. Qd4
g5 41. Kh2 Rc8 42. a5 Rc2+ 43. Kg3 Rc8 44. a6 h5 45. Rb7 h4+ 46. Kf2 Rc2+ 47.
Ke1 {Black resigns} 1-0

[Event "Team 45 45 League T37"]
[Site "Internet Chess Club"]
[Date "2008.05.16"]
[Round "4"]
[White "mrmarck"]
[Black "SCUGrad"]
[Result "0-1"]
[WhiteElo "1271"]
[BlackElo "1344"]
[Opening "QGD: Semi-Tarrasch defense"]
[ECO "D40"]
[Time "08:57:41"]
[TimeControl "2700+45"]

1. d4 d5 2. c4 e6 3. Nc3 Nf6 4. Nf3 c5 5. e3 Nc6 6. cxd5 exd5 7. Bb5 Be7 8. O-O
Bg4 9. dxc5 Bxc5 10. Re1 O-O 11. Be2 Rc8 12. b3 Bb4 13. Bb2 Ne4 14. Rc1 Qa5 15.
Qd3 Ne7 16. Nxe4 Bxe1 17. Rxe1 Bxf3 18. Bxf3 Qxe1+ {White resigns} 0-1

[Event "Team 45 45 League T37"]
[Site "Internet Chess Club"]
[Date "2008.05.20"]
[Round "4"]
[White "WannaB"]
[Black "Hunter"]
[Result "1-0"]
[WhiteElo "1151"]
[BlackElo "1027"]
[Opening "Four knights: Italian variation"]
[ECO "C55"]
[Time "16:32:52"]
[TimeControl "2700+45"]

1. e4 e5 2. Nf3 Nc6 3. Bc4 Nf6 4. Nc3 Bb4 5. O-O d6 6. Re1 Bg4 7. a3 Bc5 8. b4
Bd4 9. Rb1 Qd7 10. Nd5 Nxd5 11. exd5 Ne7 12. c3 Bb6 13. d3 O-O-O 14. a4 a6 15.
a5 Ba7 16. b5 axb5 17. Bxb5 c6 18. dxc6 bxc6 19. Ba6+ Kc7 20. Rb7+ Kc8 21. Rxd7+
Kxd7 {Black resigns} 1-0

[Event "Team 45 45 League T37"]
[Site "Internet Chess Club"]
[Date "2008.05.16"]
[Round "4"]
[White "parrot9"]
[Black "b-spot"]
[Result "1-0"]
[WhiteElo "1706"]
[BlackElo "1806"]
[Opening "Sicilian: Najdorf, Byrne (English) attack"]
[ECO "B90"]
[Time "18:15:59"]
[TimeControl "2700+45"]

1. e4 c5 2. Nf3 d6 3. d4 cxd4 4. Nxd4 Nf6 5. Nc3 a6 6. Be3 e5 7. Nb3 Be6 8. f3
Nbd7 9. Qd2 b5 10. g4 Nb6 11. g5 Nfd7 12. Nd5 Bxd5 13. exd5 Nc4 14. Bxc4 bxc4
15. Na5 Rc8 16. Nc6 Nb8 17. Nxd8 {Black resigns} 1-0

[Event "Team 45 45 League T37"]
[Site "Internet Chess Club"]
[Date "2008.05.16"]
[Round "4"]
[White "jazzyrick"]
[Black "Mikey29a"]
[Result "0-1"]
[WhiteElo "1580"]
[BlackElo "1774"]
[Opening "Sicilian: Pelikan, Chelyabinsk variation"]
[ECO "B33"]
[Time "15:00:40"]
[TimeControl "2700+45"]

1. e4 c5 2. Nf3 Nc6 3. d4 cxd4 4. Nxd4 Nf6 5. Nc3 e5 6. Ndb5 d6 7. Bg5 a6 8. Na3
b5 9. Nd5 Be7 10. c3 Nxe4 11. Bxe7 Nxe7 12. Nxe7 Qxe7 13. Be2 O-O 14. O-O f5 15.
c4 b4 16. Nc2 a5 17. Bf3 Bb7 18. Ne3 Nc5 19. Nd5 Qf7 20. g3 e4 21. Bg2 Bxd5 22.
Qxd5 Qxd5 23. cxd5 Nd3 24. b3 Rac8 25. f3 e3 26. Rfd1 Nf2 27. Rd4 Rc2 28. Bf1
Rfc8 29. Bc4 Re8 30. Kf1 Nd1 31. h4 Nc3 32. Ke1 Rh2 {White resigns} 0-1

[Event "Team 45 45 League T37"]
[Site "Internet Chess Club"]
[Date "2008.05.18"]
[Round "4"]
[White "civilization"]
[Black "fibin"]
[Result "0-1"]
[WhiteElo "1553"]
[BlackElo "1544"]
[Opening "Philidor's defense"]
[ECO "C41"]
[Time "12:38:31"]
[TimeControl "2700+45"]

1. e4 e5 2. Nf3 d6 3. Bc4 Be7 4. d4 exd4 5. Nxd4 Nf6 6. Nc3 Bd7 7. O-O Nc6 8.
Nxc6 Bxc6 9. Nd5 O-O 10. Re1 Re8 11. a4 Nxd5 12. Bxd5 Qd7 13. Bxc6 Qxc6 14. c3
Bf6 15. f3 Bh4 16. g3 Bf6 17. Bf4 Qb6+ 18. Be3 Qxb2 19. Re2 Qxc3 20. Rc1 Qa5 21.
Bd2 Qh5 22. Be3 Qxf3 23. Rxc7 Qxe4 24. Qb3 Qe6 25. Qxb7 Rab8 26. Qxa7 Rb1+ 27.
Kf2 Rb3 28. a5 Bg5 29. Kf1 Bxe3 30. Rxe3 Rxe3 31. a6 Qh3+ 32. Kf2 Qxh2+ 33. Kf1
Re1# {White checkmated} 0-1

[Event "Team 45 45 League T37"]
[Site "Internet Chess Club"]
[Date "2008.05.18"]
[Round "4"]
[White "werty"]
[Black "Invicta-Knight"]
[Result "0-1"]
[WhiteElo "1482"]
[BlackElo "1485"]
[Opening "King's Indian: East Indian defense"]
[ECO "A48"]
[Time "14:11:17"]
[TimeControl "2700+45"]

1. d4 Nf6 2. Nf3 g6 3. e3 Bg7 4. Bd3 d6 5. c3 Bd7 6. O-O a6 7. Nbd2 c5 8. Re1 b5
9. a3 Qb6 10. e4 Nh5 11. dxc5 Qxc5 12. Nb3 Qc7 13. Be3 Nc6 14. Nbd4 Ne5 15. Nxe5
Bxe5 16. Nf3 Bg4 17. Bd4 Rd8 18. Be2 Nf4 19. Bxe5 Nxe2+ 20. Qxe2 dxe5 21. h3 Be6
22. Rad1 Rd6 23. Rxd6 exd6 24. Qd2 h6 25. Rd1 Ke7 26. Ne1 f5 27. exf5 gxf5 28.
Nd3 f4 29. Qe2 Rg8 30. Qh5 Qc8 31. Kf1 Qf8 32. Qf3 Bc4 33. Qb7+ Ke6 34. Qf3 d5
35. Kg1 Qg7 36. Qg4+ Qxg4 37. hxg4 Rxg4 38. Nc5+ Kd6 39. Nxa6 h5 40. Nb4 h4 41.
Kh2 Rg7 42. Kh3 e4 43. Re1 Rg6 44. Nc2 Ke5 45. Nd4 Bd3 46. Rg1 Rg7 47. Kxh4 e3
48. fxe3 fxe3 49. Nf3+ Kf4 50. Ne1 Rh7# {White checkmated} 0-1

[Event "Team 45 45 League T37"]
[Site "Internet Chess Club"]
[Date "2008.05.18"]
[Round "4"]
[White "GrandPoobah069"]
[Black "AntonioMendonca"]
[Result "1/2-1/2"]
[WhiteElo "1678"]
[BlackElo "1717"]
[Opening "Sicilian: Alapin's variation (2.c3)"]
[ECO "B22"]
[Time "18:05:55"]
[TimeControl "2700+45"]

1. e4 c5 2. c3 Nf6 3. e5 Nd5 4. d4 cxd4 5. Nf3 Nc6 6. Bc4 Nb6 7. Bb3 d5 8. exd6
Qxd6 9. cxd4 Be6 10. Be3 Bxb3 11. Qxb3 Qb4+ 12. Nbd2 Qxb3 13. Nxb3 Nc4 14. O-O-O
Nxe3 15. fxe3 e6 16. e4 O-O-O 17. a3 h6 18. d5 exd5 19. exd5 Nb8 20. Ne5 Rg8 21.
Kb1 Nd7 22. Nxf7 Re8 23. Nd4 Be7 24. Nf5 Kb8 25. Rhe1 Bf6 26. d6 Rgf8 27. Ka2 a6
28. Rxe8+ Rxe8 29. Rd2 Ka7 30. Rc2 {Game drawn by mutual agreement} 1/2-1/2

[Event "Team 45 45 League T37"]
[Site "Internet Chess Club"]
[Date "2008.05.19"]
[Round "4"]
[White "lw"]
[Black "C-Jones"]
[Result "0-1"]
[WhiteElo "1579"]
[BlackElo "1636"]
[Opening "Sicilian defense"]
[ECO "B32"]
[Time "20:32:54"]
[TimeControl "2700+45"]

1. e4 c5 2. Nf3 Nc6 3. d4 cxd4 4. c3 dxc3 5. Nxc3 e6 6. Bf4 Bb4 7. Bc4 Nge7 8.
O-O Bxc3 9. bxc3 O-O 10. Qd2 Ng6 11. Bg5 Qc7 12. Bb5 a6 13. Ba4 f6 14. Be3 Rd8
15. Bb3 Na5 16. Nd4 Nxb3 17. axb3 d5 18. exd5 Rxd5 19. c4 Rd8 20. Qc3 e5 21. Nb5
Qc6 22. Qa5 Bh3 23. gxh3 Qf3 24. Nd4 exd4 25. Rfd1 Nh4 26. Kf1 d3 27. Rxd3 Rxd3
28. Ke1 Ng2+ 29. Kf1 Nxe3+ 30. Ke1 Nc2+ {White resigns} 0-1

[Event "Team 45 45 League T37"]
[Site "Internet Chess Club"]
[Date "2008.05.17"]
[Round "4"]
[White "chesskix"]
[Black "nozmov"]
[Result "1/2-1/2"]
[WhiteElo "1571"]
[BlackElo "1419"]
[Opening "English: Queens Indian formation"]
[ECO "A05"]
[Time "20:11:44"]
[TimeControl "2700+45"]

1. Nf3 Nf6 2. c4 e6 3. Nc3 b6 4. b3 Bb7 5. Bb2 Nc6 6. g3 Be7 7. Bg2 Rb8 8. O-O
O-O 9. a3 a6 10. Qc2 h6 11. Rfe1 d5 12. e3 dxc4 13. bxc4 Na5 14. d3 c6 15. Rad1
Qc7 16. Ne4 Nxe4 17. dxe4 f6 18. Nd4 Bc8 19. Bh3 e5 20. Be6+ Kh8 21. Bxc8 Qxc8
22. Nf5 Qc7 23. Qe2 Nb3 24. Qh5 Bc5 25. Rd3 Na5 26. Red1 Rf7 {Game drawn by
mutual agreement} 1/2-1/2

[Event "Team 45 45 League T37"]
[Site "Internet Chess Club"]
[Date "2008.05.19"]
[Round "4"]
[White "nathesh"]
[Black "curtintime"]
[Result "1-0"]
[WhiteElo "1451"]
[BlackElo "1342"]
[Opening "Giuoco Piano"]
[ECO "C50"]
[Time "19:06:55"]
[TimeControl "2700+45"]

1. e4 e5 2. Nf3 Nc6 3. Bc4 Bc5 4. O-O Nf6 5. d3 O-O 6. Bg5 Na5 7. Nxe5 Nxc4 8.
Nxc4 Be7 9. Ne3 d5 10. e5 Nd7 11. Bxe7 Qxe7 12. d4 c6 13. f4 f6 14. Nf5 Qe6 15.
Qg4 Rf7 16. Nh6+ {Black resigns} 1-0

[Event "Team 45 45 League T37"]
[Site "Internet Chess Club"]
[Date "2008.05.18"]
[Round "4"]
[White "alexcluster"]
[Black "miltools"]
[Result "0-1"]
[WhiteElo "1694"]
[BlackElo "1955"]
[Opening "King's Indian, 3.Nf3"]
[ECO "E60"]
[Time "10:57:03"]
[TimeControl "2700+45"]

1. d4 Nf6 2. Nf3 g6 3. c4 Bg7 4. g3 c5 5. Bg2 cxd4 6. Nxd4 Nc6 7. O-O O-O 8.
Nxc6 bxc6 9. Qc2 d5 10. cxd5 cxd5 11. Nc3 Be6 12. e3 Rc8 13. Qb3 d4 {White
resigns} 0-1

[Event "Team 45 45 League T37"]
[Site "Internet Chess Club"]
[Date "2008.05.19"]
[Round "4"]
[White "Frankly"]
[Black "calily"]
[Result "1-0"]
[WhiteElo "1810"]
[BlackElo "1737"]
[Opening "QGD: 4.Bg5"]
[ECO "D50"]
[Time "15:03:22"]
[TimeControl "2700+45"]

1. d4 Nf6 2. c4 e6 3. Nc3 d5 4. Bg5 c6 5. e3 Be7 6. Nf3 h6 7. Bh4 O-O 8. Rc1
Nbd7 9. Qc2 Re8 10. h3 dxc4 11. Bxc4 Nb6 12. Bb3 Nfd5 13. Bxe7 Qxe7 14. a3 Nd7
15. O-O N7f6 16. Qd3 Bd7 17. Bc2 Rac8 18. Bb1 c5 19. e4 Nxc3 20. Rxc3 g6 21. e5
Nd5 22. Rxc5 Rxc5 23. dxc5 Qxc5 24. Qd2 Kg7 25. Rc1 Qb6 26. Be4 Bc6 27. Nd4 Rd8
28. Nxc6 bxc6 29. Qc2 Rc8 30. b4 a6 31. Qc5 Qxc5 32. Rxc5 Kf8 33. Bd3 Ke7 34.
Bxa6 Kd7 {Black resigns} 1-0

[Event "Team 45 45 League T37"]
[Site "Internet Chess Club"]
[Date "2008.05.18"]
[Round "4"]
[White "egd01"]
[Black "rss"]
[Result "0-1"]
[WhiteElo "1538"]
[BlackElo "1755"]
[Opening "Nimzovich-Larsen attack: modern variation"]
[ECO "A01"]
[Time "15:08:15"]
[TimeControl "2700+45"]

1. b3 e5 2. Bb2 d6 3. e4 Nf6 4. Nc3 Nc6 5. Nf3 Bg4 6. Be2 Be7 7. d3 O-O 8. O-O
h6 9. h3 Be6 10. d4 exd4 11. Nxd4 Nxd4 12. Qxd4 Qd7 13. Nd5 Bxd5 14. exd5 Qf5
15. c4 Rfe8 16. Bg4 Qg6 17. Bf3 Bf8 18. Rfe1 b6 19. a4 a5 20. Be2 Qf5 21. Bd3
Qd7 22. Re3 Rxe3 23. fxe3 Re8 24. Rf1 Qe7 25. Rf3 Nd7 26. Rf4 Qxe3+ 27. Qxe3
Rxe3 28. Bf5 Nc5 29. Bd4 Rxb3 30. Bc2 Ra3 31. Bxc5 dxc5 32. Re4 Ra1+ 33. Kf2 g6
34. Ke2 Kg7 35. Kd3 Ra3+ 36. Kd2 Rg3 37. Re2 Bd6 38. Kc1 Rc3 39. Re4 f5 40. Re6
Rg3 41. Re2 h5 42. Kb1 Rc3 43. Kb2 Rxc4 44. Bb3 Rd4 45. Kc3 Kh6 46. Rd2 Re4 47.
Bc2 Be5+ 48. Kb3 Rb4+ 49. Ka2 Kg5 50. Re2 Bd6 51. Ka3 Rd4 52. Bb3 c4+ {White
resigns} 0-1

[Event "Team 45 45 League T37"]
[Site "Internet Chess Club"]
[Date "2008.05.19"]
[Round "4"]
[White "rubo"]
[Black "arriero55"]
[Result "1-0"]
[WhiteElo "1713"]
[BlackElo "1478"]
[Opening "Bird's opening"]
[ECO "A03"]
[Time "14:06:28"]
[TimeControl "2700+45"]

1. f4 d5 2. Nf3 Nf6 3. e3 b6 4. b3 Bb7 5. Bb2 e6 6. Bd3 Be7 7. O-O Ba6 8. Qe2
Bb7 9. Ne5 h5 10. Nc3 c6 11. Qf3 Nfd7 12. Ne2 Bf6 13. Ng3 h4 14. Nh5 Qe7 15. a4
a5 16. Qg4 Kd8 17. Nxg7 Nxe5 18. fxe5 Bg5 19. Nh5 Rg8 20. Qf3 Nd7 21. Qxf7 Qxf7
22. Rxf7 Kc7 23. Raf1 Raf8 24. Rxf8 Rxf8 25. Nf4 c5 26. Nxe6+ {Black resigns}
1-0

[Event "Team 45 45 League T37"]
[Site "Internet Chess Club"]
[Date "2008.05.18"]
[Round "4"]
[White "cer7"]
[Black "MrShaw"]
[Result "0-1"]
[WhiteElo "2029"]
[BlackElo "1938"]
[Opening "French: Tarrasch, closed variation, main line"]
[ECO "C06"]
[Time "09:20:38"]
[TimeControl "2700+45"]

1. e4 e6 2. d4 d5 3. Nd2 Nf6 4. e5 Nfd7 5. Bd3 c5 6. c3 Nc6 7. Ne2 cxd4 8. cxd4
f6 9. Nf4 Nxd4 10. Qh5+ Ke7 11. exf6+ Nxf6 12. Ng6+ hxg6 13. Qxh8 Kf7 14. O-O e5
15. Nf3 Nxf3+ 16. gxf3 e4 17. fxe4 Nh5 18. e5 Qh4 19. Be2 Bg4 20. e6+ Bxe6 21.
Bd2 Bd6 {White resigns} 0-1

[Event "Team 45 45 League T37"]
[Site "Internet Chess Club"]
[Date "2008.05.16"]
[Round "4"]
[White "viking99"]
[Black "nodoyuna"]
[Result "1-0"]
[WhiteElo "1838"]
[BlackElo "1822"]
[Opening "Sicilian: O'Kelly variation"]
[ECO "B28"]
[Time "16:03:37"]
[TimeControl "2700+45"]

1. e4 c5 2. Nf3 a6 3. c3 Nf6 4. d3 Qc7 5. Be2 Nc6 6. Be3 e6 7. Nbd2 Be7 8. O-O
d5 9. Rc1 O-O 10. d4 dxe4 11. Ng5 Rd8 12. Ngxe4 Nxe4 13. Nxe4 Ne5 14. Qc2 cxd4
15. Bxd4 Bd7 16. Qb3 Bc5 17. Nxc5 {Black resigns} 1-0

[Event "Team 45 45 League T37"]
[Site "Internet Chess Club"]
[Date "2008.05.18"]
[Round "4"]
[White "Camalleo"]
[Black "b-spot"]
[Result "1-0"]
[WhiteElo "1453"]
[BlackElo "1777"]
[Opening "Queen's pawn game, Rubinstein (Colle-Zukertort) variation"]
[ECO "D05"]
[Time "12:10:16"]
[TimeControl "2700+45"]

1. d4 Nf6 2. Nf3 e6 3. e3 d5 4. Bd3 c5 5. b3 Nc6 6. Bb2 Be7 7. Nbd2 O-O 8. Ne5
Qc7 9. a3 b6 10. O-O Bb7 11. f4 Rac8 12. Rf3 Nxe5 13. fxe5 Ne8 14. Rh3 h6 15.
Qg4 Bg5 16. Rg3 Qe7 17. Re1 f5 18. Qe2 Bh4 19. Rh3 Bxe1 20. Qxe1 Rc7 21. Qg3 Qg5
22. Qf2 Rcf7 23. Nf3 Qd8 24. Qg3 Kh8 25. Be2 f4 26. exf4 Rxf4 27. Qg6 Nf6 28.
exf6 Qxf6 29. Qxf6 R8xf6 30. dxc5 Rf8 31. Rxh6+ Kg8 32. Rg6 d4 33. cxb6 axb6 34.
Nxd4 Rf2 35. Nxe6 Rxe2 36. Rxg7+ Kh8 37. Rxb7+ Kg8 38. Rg7+ Kh8 39. Nxf8 {Black
resigns} 1-0

[Event "Team 45 45 League T37"]
[Site "Internet Chess Club"]
[Date "2008.05.18"]
[Round "4"]
[White "mickeys"]
[Black "Enric666"]
[Result "1-0"]
[WhiteElo "1801"]
[BlackElo "1209"]
[Opening "QGD Slav: exchange variation"]
[ECO "D12"]
[Time "14:01:51"]
[TimeControl "2700+45"]

1. d4 d5 2. Nf3 Nf6 3. c4 c6 4. e3 Bf5 5. cxd5 cxd5 6. Nc3 e6 7. Qb3 Qc7 8. Bd2
Nc6 9. Rc1 Bd6 10. Nb5 Qe7 11. Nxd6+ Qxd6 12. Qxb7 Rb8 13. Qxc6+ Qxc6 14. Rxc6
O-O 15. Be2 Rxb2 16. a3 Ne4 17. Bc1 Rb3 18. Nh4 Rfb8 19. Nxf5 exf5 20. O-O Nc3
21. Bf3 g5 22. Bd2 Ne4 23. Bxe4 fxe4 24. Bb4 a5 25. Bxa5 Rxa3 26. Bc7 Rb5 27.
Be5 f5 28. Rfc1 Rb7 29. Rc8+ Kf7 30. R8c7+ Rxc7 31. Rxc7+ Kg6 32. g3 g4 33. Rc5
h5 34. Rxd5 Kg5 35. Rd8 h4 36. Bf4+ Kf6 37. gxh4 {Black resigns} 1-0

[Event "Team 45 45 League T37"]
[Site "Internet Chess Club"]
[Date "2008.05.17"]
[Round "4"]
[White "tsia68"]
[Black "jakesnake"]
[Result "0-1"]
[WhiteElo "1951"]
[BlackElo "1900"]
[Opening "English opening"]
[ECO "A21"]
[Time "09:00:20"]
[TimeControl "2700+45"]

1. c4 e5 2. Nc3 g6 3. g3 Bg7 4. Bg2 Ne7 5. e3 c5 6. a3 a5 7. Nge2 Nbc6 8. Rb1
Rb8 9. Nb5 d6 10. b3 O-O 11. Nec3 Be6 12. Nd5 b6 13. O-O Qd7 14. Qe2 Kh8 15. Bb2
f5 16. d3 Nd8 17. d4 cxd4 18. exd4 e4 19. Nxe7 Qxe7 20. d5 Bd7 21. Bxg7+ Kxg7
22. Nd4 Nf7 23. f3 Rbe8 24. fxe4 fxe4 25. Rbe1 Ng5 26. Rxf8 Rxf8 27. Ne6+ Bxe6
28. dxe6 Qxe6 29. h4 Nh3+ 30. Kh2 Nf2 31. Qb2+ Rf6 32. Re2 Qf5 33. Kg1 Nh3+ 34.
Kh2 Nf2 35. Kg1 Nd3 36. Qd4 Qc5 37. Rxe4 Qxd4+ 38. Rxd4 Nc1 39. b4 Ne2+ {White
resigns} 0-1

[Event "Team 45 45 League T37"]
[Site "Internet Chess Club"]
[Date "2008.05.16"]
[Round "4"]
[White "chess9397"]
[Black "primerpaso"]
[Result "0-1"]
[WhiteElo "1742"]
[BlackElo "1886"]
[Opening "Sicilian: Najdorf, Byrne (English) attack"]
[ECO "B90"]
[Time "20:00:43"]
[TimeControl "2700+45"]

1. e4 c5 2. Nf3 d6 3. d4 cxd4 4. Nxd4 Nf6 5. Nc3 a6 6. Be3 e5 7. Nb3 Be6 8. Bd3
Nbd7 9. Qd2 Rc8 10. Be2 b5 11. a3 Nb6 12. Bxb6 Qxb6 13. Rd1 Be7 14. O-O O-O 15.
Nc1 Rfd8 16. Nd3 a5 17. Kh1 b4 18. axb4 axb4 19. Nd5 Bxd5 20. exd5 b3 21. c3
Nxd5 22. Bf3 Nf6 23. Nb4 e4 24. Be2 d5 25. Qf4 Bxb4 26. cxb4 Rc2 27. Rd2 Qxb4
28. Rfd1 Rdc8 29. Rd4 Qc5 30. h3 Rxe2 31. R1d2 Rxd2 32. Rxd2 Qc1+ {White
resigns} 0-1

[Event "Team 45 45 League T37"]
[Site "Internet Chess Club"]
[Date "2008.05.19"]
[Round "4"]
[White "clarinetref"]
[Black "tourettes"]
[Result "0-1"]
[WhiteElo "1672"]
[BlackElo "1776"]
[Opening "Réti opening"]
[ECO "A05"]
[Time "14:15:47"]
[TimeControl "2700+45"]

1. Nf3 Nf6 2. g3 e6 3. Bg2 d5 4. O-O Be7 5. d3 O-O 6. Nbd2 Nbd7 7. c4 b6 8. cxd5
exd5 9. Nd4 Bb7 10. Nf5 Re8 11. Nxe7+ Qxe7 12. Re1 Nc5 13. Qc2 Ba6 14. Nf3 Qd7
15. b4 Qa4 16. Qc3 Ne6 17. Bb2 Rac8 18. Qb3 Bb5 19. Bxf6 gxf6 20. Qxd5 c5 21.
bxc5 Rxc5 22. Qb3 Rec8 23. Reb1 Bd7 24. Ne1 Nd4 25. Qb2 Kg7 26. e3 Nc2 27. Nxc2
Rxc2 28. Qb3 Qa5 29. Rd1 Be6 30. Qb1 Bxa2 31. Rxa2 Qxa2 32. Qxa2 Rxa2 33. Bd5
Rb2 34. Ra1 a5 35. Ra4 Rb4 36. Rxb4 axb4 37. Bc4 Rxc4 38. dxc4 {White resigns}
0-1

[Event "Team 45 45 League T37"]
[Site "Internet Chess Club"]
[Date "2008.05.14"]
[Round "4"]
[White "chess9793"]
[Black "frankd"]
[Result "1-0"]
[WhiteElo "1810"]
[BlackElo "1620"]
[Opening "Pirc: classical (two knights) system"]
[ECO "B08"]
[Time "21:00:28"]
[TimeControl "2700+45"]

1. e4 d6 2. d4 Nf6 3. Nc3 g6 4. Nf3 Bg7 5. Bg5 c6 6. h3 b5 7. a3 O-O 8. Qd2 a6
9. Be2 Qc7 10. Bh6 e5 11. Bxg7 Kxg7 12. d5 cxd5 13. Nxd5 Nxd5 14. exd5 Bf5 15.
Rc1 Qc5 16. O-O a5 17. c4 b4 18. axb4 axb4 19. Ra1 Nd7 20. Nh4 Nb6 21. Nxf5+
gxf5 22. Qg5+ Kh8 23. Qxf5 f6 24. Rxa8 Nxa8 25. Bd3 Qc7 26. Rc1 Nb6 27. c5 Nxd5
28. Kh2 Rf7 29. Bc4 Qxc5 30. Qe6 Rf8 31. Qxd5 Qxf2 32. Rf1 Qc5 33. Qxc5 dxc5 34.
b3 Kg7 35. Kg3 Kg6 36. Bd3+ Kg5 37. Bxh7 f5 38. h4+ Kf6 39. Rxf5+ Kg7 40. Rxf8
Kxf8 41. Kf3 c4 42. bxc4 b3 43. c5 {Black resigns} 1-0

[Event "Team 45 45 League T37"]
[Site "Internet Chess Club"]
[Date "2008.05.17"]
[Round "4"]
[White "kevrose07"]
[Black "Zebbile"]
[Result "0-1"]
[WhiteElo "1933"]
[BlackElo "2018"]
[Opening "Caro-Kann: advance variation"]
[ECO "B12"]
[Time "15:59:39"]
[TimeControl "2700+45"]

1. e4 c6 2. d4 d5 3. e5 Bf5 4. h4 h6 5. Nf3 e6 6. c4 Nd7 7. Qb3 Qc7 8. Nc3 dxc4
9. Bxc4 Ne7 10. Bd2 Nb6 11. Rc1 Qd7 12. Na4 Nxa4 13. Qxa4 b5 14. Qb3 bxc4 15.
Rxc4 Nd5 16. O-O Be7 17. Rfc1 Rc8 18. Ba5 O-O 19. Qa4 Nf4 20. Kh2 Bd3 21. Rxc6
Be4 22. d5 Bxd5 23. Nd4 Bxc6 24. Rxc6 Ng6 25. Qb5 Qxd4 {White resigns} 0-1